 Dungeon Crawl Stone Soup version 0.28.0-53-g5a82cb258f (console) character file.

Game seed: 9150663377263572577

21 erker the Sneak (level 2, 0/17 HPs)
             Began as an Octopode Earth Elementalist on July 13, 2022.
             Slain by a goblin
             ... wielding a +0 trident
              (5 damage)
             ... on level 2 of the Dungeon.
             The game lasted 00:02:17 (1654 turns).

erker the Sneak (Octopode Earth Elementalist)       Turns: 1654, Time: 00:02:18

Health: 0/17       AC:  1    Str:  7    XL:     2   Next: 87%
Magic:  4/5        EV: 17    Int: 17    God:
Gold:   73         SH:  0    Dex: 12    Spells: 4/5 levels left

rFire   . . .      SeeInvis .   a - +0 dagger
rCold   . . .      Faith    .   (no shield)
rNeg    . . .      Spirit   .   (helmet restricted)
rPois   .          Reflect  .   (no amulet)
rElec   .          Harm     .   f - +4 ring of evasion
rCorr   .          Rampage  .   (no ring)
Will    .....                   (no ring)
Stlth   +++.......              (no ring)
HPRegen 0.05/turn               (no ring)
MPRegen 0.09/turn               (no ring)
                                (no ring)
                                (no ring)

@: no status effects
A: almost no armour, amphibious, 8 rings, camouflage 1, gelatinous body 1,
(nimble swimmer 1), tentacles
a: no special abilities


You were on level 2 of the Dungeon.
You visited 1 branch of the dungeon, and saw 2 of its levels.

You collected 73 gold pieces.

Inventory:

Hand Weapons
 a - a +0 dagger (weapon)
Missiles
 b - 63 stones
 c - 4 boomerangs
 h - 4 poisoned darts
Armour
 i - a +0 kite shield of protection
Magical Staves
 d - a staff of poison
Jewellery
 f - a +4 ring of evasion (left tentacle)
Scrolls
 e - a scroll of brand weapon {unknown}
 g - a scroll of magic mapping {unknown}
 k - 3 scrolls of noise {unknown}
Potions
 j - a potion of curing {unknown}
 l - a potion of heal wounds {unknown}


   Skills:
 - Level 2.0 Dodging
 - Level 4.0 Stealth
 - Level 2.0 Spellcasting
 - Level 1.0 Transmutations
 + Level 3.4 Earth Magic


You had 4 spell levels left.
You knew the following spells:

 Your Spells              Type           Power      Damage    Failure   Level
a - Sandblast             Erth           26%        2d8       4%          1

Your spell library contained the following spells:

 Spells                   Type           Power      Damage    Failure   Level
 Passwall                 Tmut/Erth      7%         N/A       12%         2
 Stone Arrow              Conj/Erth      14%        3d7       28%         3
 Petrify                  Tmut/Erth      9%         N/A       61%         4


Dungeon Overview and Level Annotations

Branches:
Dungeon (2/15)

Altars:

Annotations:
D:2 Terence


Innate Abilities, Weirdness & Mutations

You cannot wear most types of armour.
You are amphibious.
You can wear up to eight rings at the same time.
Your skin changes colour to match your surroundings (Stealth+).
Your rubbery body absorbs attacks. (AC +1, EV +1)
((You are camouflaged when in or above water. (Stealth+)))
You have tentacles for arms and can constrict up to eight enemies at once.


Message History

l - a +0 dagger (weapon)
Adjust (i)tems, (s)pells, or (a)bilities?
l - a +0 dagger (weapon)
Adjust to which letter? (? for menu, Esc to quit)
a - a +0 dagger (weapon);
l - an amethyst potion You see here a goblin corpse.
Terence the Incautious comes into view.
He is wielding a +4 flail of draining and carrying a wand of polymorph (3).
Press: ? - help, v - describe, . - travel
Here: Terence, wielding a +4 flail of draining, wearing a +0 chain mail and carrying a wand of polymorph (3) (asleep)
The floor.
Placed new exclusion.
A goblin comes into view. It is wielding a +0 trident.
The goblin shouts!
The goblin hits you with a +0 trident!
You hit the goblin but do no damage. You grab the goblin.
You constrict the goblin, but do no damage.
The goblin misses you.
You hit the goblin but do no damage. You constrict the goblin.
The goblin misses you.
You hit the goblin but do no damage.
You squeeze the goblin, but do no damage.
The goblin is moderately wounded.
You constrict the goblin, but do no damage.
The goblin misses you.
You hit the goblin but do no damage.
You squeeze the goblin, but do no damage.
The goblin is moderately wounded.
You constrict the goblin, but do no damage.
The goblin hits you with a +0 trident.
* * * LOW HITPOINT WARNING * * *
Casting: Sandblast (safe; 4% risk of failure)
Confirm with . or Enter, or press ? or * to list all spells.
Aiming: Sandblast (safe; 4% risk of failure)
Press: ? - help, Shift-Dir - straight line, f - goblin
Aim: a goblin, wielding a +0 trident and wearing a +0 plate armour (moderately wounded, constricted by you, 100% to hit)
The blast of sand hits the goblin but does no damage.
The goblin is moderately wounded.
You constrict the goblin, but do no damage.
The goblin hits you with a +0 trident.
You die...

#.#..)≈≈≈## #.# #.#.≈≈≈≈≈#
#.# #.##≈≈≈≈≈# #.#
#.##≈≈≈≈######.##
#.##≈≈≈≈.÷......#
#.##≈≈≈≈######..# #
##.##≈≈≈≈≈# ##..####.#
##.#..≈≈≈≈≈# #..<.....##.
##.###.#≈≈≈≈####@..........
#.## ##.≈≈≈≈≈..g.#.#######.
##.###.#≈≈≈≈≈#####.#
##.#..#.≈≈≈≈#####.#
##...88≈≈≈≈≈88...#
#...............#
#...............#
##..88≈≈≈≈≈88..##
#..###≈≈≈≈≈####


You could see a goblin.

Vanquished Creatures
  An endoplasm (D:1)
  2 giant cockroaches (D:1)
  3 goblins
  2 hobgoblins
  3 ball pythons
  4 bats (D:1)
  4 frilled lizards (D:1)
  4 rats (D:1)
23 creatures vanquished.

Notes
Turn   | Place    | Note
-------+----------+-------------------------------------------
     0 | D:1      | erker the Octopode Earth Elementalist began the quest for
                  | the Orb.
     0 | D:1      | Reached XP level 1. HP: 11/11 MP: 3/3
   118 | D:1      | Reached skill level 3 in Stealth
   335 | D:1      | Found a faded altar of an unknown god.
   419 | D:1      | Reached XP level 2. HP: 16/17 MP: 5/5
   602 | D:1      | Reached skill level 4 in Stealth
  1601 | D:2      | Noticed Terence
  1654 | D:2      | Slain by a goblin

Illustrated notes

Levels and vault maps discovered:
D:1:      elethiomel_arrival_quiet, layout_loops_ring,
          hellmonk_ecumenical_altar_zigzags
D:2:      wander_river, layout_loops_ring, serial_shops, shop,
          uniq_crazy_yiuf_cottage, uniq_terence

Skill      XL: |  1  2 |
---------------+-------+-----
Stealth        | 3 4 |  4.0
Dodging        | |  2.0
Spellcasting   | |  2.0
Transmutations | |  1.0
Earth Magic    | |  3.4

Action                   || total
-------------------------++-------
Melee: Unarmed           ||    61
       Constrict         ||    20
       Tentacles         ||    12
       Dagger            ||     4
 Cast: Sandblast         ||     2
 Stab: Sleeping          ||    12
Armor: Skin              ||     7
Dodge: Dodged            ||    43
